 Dungeon Crawl Stone Soup version 0.26-a0-64-g059e62fbdb (webtiles) character file.

Game seed: 17017971504069435458

20764 MisterFreud the Carver (level 12, -6/87 HPs)
             Began as an Octopode Gladiator on June 11, 2020.
             Was a High Priest of Cheibriados.
             Mangled by a reaper
             ... wielding a +2 scythe of venom
             ... summoned by a lich
              (39 damage)
             ... on level 1 of the Abyss.
             The game lasted 00:30:54 (12750 turns).

MisterFreud the Carver (Octopode Gladiator)        Turns: 12750, Time: 00:30:54

Health: -6/87      AC:  1    Str: 27    XL:     12   Next: 82%
Magic:  18/18      EV: 26    Int: 34    God:    Cheibriados [*****.]
Gold:   731        SH:  7    Dex: 29    Spells: 11/11 levels left

rFire    . . .     SeeInvis .   a - +0 long sword
rCold    + . .     Gourm    .   f - +0 buckler
rNeg     . . .     Faith    .   b - +0 hat
rPois    .         Spirit   .   o - amulet of magic regeneration
rElec    .         Reflect  .   z - ring of stealth
rCorr    .         Harm     .   F - ring of protection from magic
MR       +....                  G - ring of protection from cold
Stlth    ++++......             K - +6 ring of intelligence
HPRegen  0.24/turn              (no ring)
MPRegen  0.41/turn              (no ring)
                                (no ring)
                                (no ring)

@: lightly drained, very slow
A: almost no armour, stealthy swim, amphibious, 8 rings, constrict 8, camouflage
1, gelatinous body 1
a: Bend Time, Temporal Distortion, Slouch, Step From Time, Renounce Religion


You were on level 1 of the Abyss.
You worshipped Cheibriados.
Cheibriados was extremely pleased with you.
You were full.

You visited 1 branch of the dungeon, and saw 10 of its levels.
You visited the Abyss 1 time.
You also visited: Ossuary and Bailey.

You collected 731 gold pieces.

Inventory:

Hand Weapons
 a - a +0 long sword (weapon)
Missiles
 c - 7 throwing nets
 q - 34 poisoned darts
 C - 23 javelins
 H - 5 curare-tipped darts
 I - 9 boomerangs (quivered)
Armour
 b - a +0 hat (worn)
 f - a +0 buckler (worn)
Jewellery
 o - an amulet of magic regeneration (around mantle)
 z - a ring of stealth (left tentacle)
 F - a ring of protection from magic (right tentacle)
 G - a ring of protection from cold (on tentacle)
 K - a +6 ring of intelligence (on tentacle)
Wands
 B - a wand of clouds (10)
 E - a wand of paralysis (8)
Scrolls
 e - 3 scrolls of teleportation
 g - 2 scrolls of fear {unknown}
 h - 4 scrolls of remove curse
 l - 5 scrolls of immolation
 s - a scroll of noise {unknown}
 t - 2 scrolls of enchant weapon {unknown}
 w - 3 scrolls of blinking {unknown}
 x - a scroll of silence {unknown}
 y - 2 scrolls of magic mapping
 A - 2 scrolls of fog {unknown}
 J - a scroll of identify
Potions
 i - 3 potions of flight {unknown}
 k - 3 potions of brilliance
 n - 3 potions of stabbing {unknown}
 p - 2 potions of curing
 r - a potion of berserk rage {unknown}
 u - 2 potions of mutation
 v - a potion of magic {unknown}
 D - 2 potions of lignification
Miscellaneous
 j - a lightning rod (4/4)
Comestibles
 d - 21 rations


   Skills:
 + Level 9.7(9.4) Fighting
 - Level 14.0(13.6) Long Blades
 - Level 2.0(1.7) Throwing
 - Level 12.0(11.6) Dodging
 - Level 4.0(3.7) Shields
 - Level 8.0(7.7) Invocations


You had 11 spell levels left.
You didn't know any spells.
Your spell library was empty.

Dungeon Overview and Level Annotations

Branches:
Dungeon (10/15)            Temple (0/1) D:4             Orc (0/2) D:9
Ossuary (visited)          Bailey (visited)
   Lair: D:8-11

Altars:
Ashenzari
Cheibriados
Dithmenos
Elyvilon
Gozag
Hepliaklqana
Nemelex Xobeh
Okawaru
Sif Muna
Trog
Uskayaw
Wu Jian
Yredelemnul

Shops:
D:8 *

Annotations:
D:10 Psyche


Innate Abilities, Weirdness & Mutations

You cannot wear most types of armour.
You are very stealthy in the water. (Stealth+)
You are amphibious.
You can wear up to eight rings at the same time.
You can use your tentacles to constrict eight enemies at once.
Your skin changes colour to match your surroundings (Stealth+).
Your rubbery body absorbs attacks. (AC +1, EV +1)


Message History

You hit the lich.
The lich is lightly damaged.
You constrict the lich. The lich completely misses you.
You riposte.
You hit the lich but do no damage.
The lich is lightly damaged.
You hit the lich but do no damage. Your squeeze misses the lich.
The lich is lightly damaged.
You constrict the lich.
The reaper hits you with a +2 scythe of venom!!!
Ouch! That really hurt!
* * * LOW HITPOINT WARNING * * *
You are lethally poisoned!
You hear a bellow!
You feel better.
You constrict the lich. The lich touches you.
* * * LOW HITPOINT WARNING * * *
You feel drained.
* * * LOW HITPOINT WARNING * * *
You feel much better.
You constrict the lich.
The reaper hits you with a +2 scythe of venom!!!
You die...

#. ... # .#.
## #### #.#. .
. #..# ## ## .
.. ## #.# # #
...# ..# #. .
#.## # # . ##
....# ##..# .#
# ## #
#...L##.2.#
#.#. .#.#
###.#@##. ..#
.# ..#.
#...L.#..###.
#.##.##
#..##.### . .#
. ..# #.
##.##.#.#.####
# # ###..#..
#..###.##..#
.... # ### # .
. .#... # .# #
#.. .


You could see a lich and a reaper (summoned).

Vanquished Creatures
  A great orb of eyes (Abyss:1)
  2 two-headed ogres
  A sixfirhy (Abyss:1)
  A golden dragon skeleton (Abyss:1)
  Pikel (D:7)
  A manticore (D:7)
  An apocalypse crab (Abyss:1)
  Joseph (D:7)
  An ice devil (Abyss:1)
  2 ancient zymes (Abyss:1)
  A troll (D:9)
  3 large abominations (Abyss:1)
  A raiju (Abyss:1)
  2 hippogriffs (D:9)
  A shadow (D:8)
  A yak (D:9)
  A ynoxinul (Abyss:1)
  5 humans (D:6)
  A hungry ghost (D:7)
  Menkaure (Ossuary)
  2 wargs (D:9)
  An acid dragon (shapeshifter) (Abyss:1)
  A water moccasin (D:8)
  3 small abominations (Abyss:1)
  10 orc warriors (Bailey)
  3 sky beasts
  An ice beast (D:6)
  A black bear (D:6)
  3 phantoms
  8 ogres
  13 centaurs
  A crocodile (D:9)
  3 big kobolds (D:8)
  A bullfrog (D:8)
  A scorpion (D:9)
  A wyvern skeleton (D:6)
  3 wights (D:8)
  2 howler monkeys (D:7)
  A bullfrog zombie (D:7)
  6 starcursed masses (Abyss:1)
  4 hounds
  2 centaur skeletons
  13 orc priests
  4 jellies
  8 orc wizards
  A bullfrog skeleton (D:5)
  4 iguanas
  2 worker ants (D:8)
  4 mummies
  2 howler monkey zombies
  6 gnolls
  A howler monkey skeleton (D:4)
  10 adders
  2 shadow imps
  An ufetubus (Abyss:1)
  An ooze (D:3)
  An adder skeleton (D:7)
  2 adder zombies (D:8)
  5 dart slugs
  12 leopard geckos
  62 orcs
  8 giant cockroaches
  12 goblins
  5 hobgoblins
  7 jackals
  17 kobolds
  6 quokkas
  10 bats
  7 frilled lizards
  A giant cockroach zombie (D:6)
  5 gnoll skeletons (Ossuary)
  4 gnoll zombies (Ossuary)
  5 goblin skeletons (Ossuary)
  5 goblin zombies (Ossuary)
  2 hobgoblin skeletons (Ossuary)
  3 hobgoblin zombies (Ossuary)
  2 jackal skeletons (D:5)
  4 kobold skeletons (Ossuary)
  4 kobold zombies (Ossuary)
  4 orc skeletons (Ossuary)
  4 orc zombies (Ossuary)
  A quokka skeleton (D:4)
  8 rats
  4 rat skeletons (Ossuary)
  4 rat zombies (Ossuary)
373 creatures vanquished.

Vanquished Creatures (others)
  A lava snake (D:7)
  A goblin skeleton (Ossuary)
  A kobold zombie (Ossuary)
3 creatures vanquished.

Grand Total: 376 creatures vanquished

Notes
Turn   | Place    | Note
-------+----------+-------------------------------------------
     0 | D:1      | MisterFreud the Octopode Gladiator began the quest for the
                  | Orb.
     0 | D:1      | Reached XP level 1. HP: 14/14 MP: 1/1
   234 | D:1      | Reached skill level 1 in Shields
   234 | D:1      | Reached XP level 2. HP: 14/20 MP: 2/2
  1003 | D:1      | Reached XP level 3. HP: 25/25 MP: 3/3
  1187 | D:2      | Found a shattered altar of Ashenzari.
  1565 | D:2      | Found a white marble altar of Elyvilon.
  1666 | D:2      | Reached XP level 4. HP: 26/31 MP: 4/4
  2235 | D:3      | Reached XP level 5. HP: 29/37 MP: 5/5
  2528 | D:3      | Found a basalt altar of Yredelemnul.
  2681 | D:3      | Found a snail-covered altar of Cheibriados.
  2753 | D:3      | Became a worshipper of Cheibriados the Contemplative
  2990 | D:3      | Noticed a centaur
  2993 | D:3      | Reached XP level 6. HP: 31/43 MP: 6/6
  3000 | D:3      | Reached skill level 7 in Long Blades
  3000 | D:3      | Reached XP level 7. HP: 10/54 MP: 7/7
  3220 | D:3      | Reached skill level 9 in Long Blades
  3220 | D:3      | Reached XP level 8. HP: 58/60 MP: 8/8
  3290 | D:3      | Reached * piety under Cheibriados
  3478 | D:3      | Found a shimmering blue altar of Sif Muna.
  3761 | D:4      | Found an iron altar of Okawaru.
  4050 | D:4      | Reached ** piety under Cheibriados
  4178 | D:4      | Reached skill level 10 in Long Blades
  4187 | D:4      | Found a staircase to the Ecumenical Temple.
  4476 | D:5      | Entered Level 5 of the Dungeon
  4505 | D:5      | Found a sand-covered staircase.
  4649 | Ossuary  | Entered an ossuary
  4826 | Ossuary  | Reached *** piety under Cheibriados
  5044 | Ossuary  | Reached **** piety under Cheibriados
  5073 | Ossuary  | Noticed Menkaure
  5087 | Ossuary  | Killed Menkaure
  5087 | Ossuary  | Reached skill level 1 in Invocations
  5087 | Ossuary  | Reached XP level 9. HP: 36/66 MP: 9/9
  6272 | D:6      | Found a bloodstained altar of Trog.
  6391 | D:6      | Reached ***** piety under Cheibriados
  6608 | D:6      | Found a hazy altar of Hepliaklqana.
  6735 | D:7      | Reached XP level 10. HP: 72/72 MP: 12/12
  6759 | D:7      | Noticed a manticore
  6771 | D:7      | Killed a manticore
  7018 | D:7      | Found a flagged portal.
  7033 | Bailey   | Entered a bailey
  8354 | Bailey   | Reached skill level 5 in Invocations
  8942 | Bailey   | Reached skill level 12 in Long Blades
  8942 | Bailey   | Reached XP level 11. HP: 77/77 MP: 13/16
  9182 | D:7      | Noticed Pikel
  9187 | D:7      | Killed Pikel
  9372 | D:7      | Noticed Joseph
  9376 | D:7      | Killed Joseph
  9818 | D:8      | Found Gozag's Platinum Reserve.
  9822 | D:8      | Found an opulent altar of Gozag.
 10023 | D:8      | Reached ****** piety under Cheibriados
 10337 | D:8      | Noticed a two-headed ogre
 10348 | D:8      | Killed a two-headed ogre
 10348 | D:8      | Reached XP level 12. HP: 23/82 MP: 18/18
 10667 | D:8      | Found a sparkling altar of Nemelex Xobeh.
 10677 | D:8      | Found a hide-covered altar of Uskayaw.
 10735 | D:8      | Found a shadowy altar of Dithmenos.
 11046 | D:9      | Noticed a two-headed ogre
 11055 | D:9      | Killed a two-headed ogre
 11055 | D:9      | Reached skill level 13 in Long Blades
 11325 | D:9      | Found an ornate altar of the Wu Jian Council.
 11435 | D:9      | Found a staircase to the Orcish Mines.
 11911 | D:10     | Entered Level 10 of the Dungeon
 11913 | D:10     | Noticed Psyche
 11946 | D:10     | Cast into level 1 of the Abyss (Psyche)
 12160 | Abyss:1  | Noticed a thrashing horror
 12226 | Abyss:1  | Noticed a thrashing horror
 12249 | Abyss:1  | Reached skill level 14 in Long Blades
 12293 | Abyss:1  | Noticed a wretched star
 12317 | Abyss:1  | Noticed a Hell Sentinel
 12318 | Abyss:1  | Noticed a brown very ugly thing
 12443 | Abyss:1  | Noticed a starcursed mass
 12493 | Abyss:1  | Noticed a thrashing horror
 12500 | Abyss:1  | Noticed a great orb of eyes
 12528 | Abyss:1  | Killed a great orb of eyes
 12665 | Abyss:1  | Noticed a thrashing horror
 12681 | Abyss:1  | Noticed a starcursed mass
 12697 | Abyss:1  | Paralysed by accursed screaming for 1 turns
 12741 | Abyss:1  | Noticed a lich
 12747 | Abyss:1  | Noticed a reaper
 12748 | Abyss:1  | HP: 1/87 [reaper/+2 scythe of venom[a lich] (50)]
 12750 | Abyss:1  | Mangled by a reaper

Illustrated notes

Levels and vault maps discovered:
D:1:      enne_arrival_octagon_isle, layout_basic, serial_glass,
          glass_columns_a, glass_columns_a, glass_columns_a, glass_columns_b,
          glass_columns_b, glass_columns_c, st_stairs_8,
          chequers_serial_rivers_small_a, grunt_decor_clamped, hex_medium,
          chequers_serial_rivers_micro_d, minmay_misc_feat_ornament,
          corexii_leaking_fountain
D:2:      layout_loops_ring, nicolae_overflow_crystal_walls,
          lemuel_crystal_altar, hangedman_decor_opposing, serial_bayou_lake_a
D:3:      layout_loops_ring, old_standard_altar, marbit_many_paths, led_sif_pool
D:4:      layout_loops_corners, okawaru_trees_2,
          minmay_temple_entry_antechambers
D:5:      layout_rooms, first_ration, gup_ossuary_entry_pyramid
D:6:      layout_basic, kennysheep_mini, lemuel_doored_altar, minmay_ruffians,
          uniq_menkaure
D:7:      layout_basic, enter_bailey_3, kennysheep_small_spiral,
          minmay_crossroads, uniq_joseph, uniq_pikel
D:8:      minmay_bloctagon_deflated, layout_gridville,
          nicolae_gozag_zags_fifth_avenue, grunt_dithmenos_smoke_and_mirrors,
          amethyst_overflow_temple_binary
D:9:      layout_rooms, kennysheep_mini_moat, erik_orc_4, grunt_ogre_cave
D:10:     layout_layer_cave, serial_shops, shop, serial_bayou_lagoon_b,
          uniq_gastronok, uniq_psyche
Abyss:1:  base: D:9, evilmike_abyss_exit_4

Skill      XL: |  1  2  3  4  5  6  7  8  9 10 11 12 |
---------------+-------------------------------------+-----
Shields        | 1 2 3 4 |  4.0
Fighting       | 3 4 7 8 9 |  9.7
Long Blades    | 7 9 10 12 14 | 14.0
Dodging        | 9 11 12 | 12.0
Invocations    | 1 3 7 8 |  8.0
Throwing       | |  2.0

Action                   |  1- 3 |  4- 6 |  7- 9 | 10-12 || total
-------------------------+-------+-------+-------+-------++-------
Melee: Long sword        |    66 |    59 |   223 |   429 ||   777
       Constrict         |    23 |    21 |    68 |    91 ||   203
       Tentacles         |     8 |    13 |    96 |   243 ||   360
Throw: Boomerang         |       |       |    11 |     4 ||    15
       Javelin           |       |       |     5 |    10 ||    15
       Throwing net      |       |       |     2 |       ||     2
Invok: Slouch            |       |       |       |     3 ||     3
Evoke: Wand              |       |       |       |     3 ||     3
  Use: Potion            |       |     1 |     4 |     9 ||    14
       Scroll            |       |       |     7 |     4 ||    11
 Stab: Sleeping          |    10 |     2 |     4 |     8 ||    24
       Distracted        |       |       |     2 |     3 ||     5
       Held in net/web   |       |       |     1 |       ||     1
       Paralysed         |       |       |       |     7 ||     7
       Invisible         |       |       |       |     1 ||     1
       Petrifying        |       |       |       |     1 ||     1
  Eat: Chunk             |     2 |     5 |     6 |     8 ||    21
       Ration            |       |       |       |     2 ||     2
Armor: Skin              |     6 |     9 |    25 |     6 ||    46
Dodge: Dodged            |    45 |    51 |   117 |   404 ||   617
Block: Buckler           |    12 |    14 |    31 |   135 ||   192
       Rpst.: Long sword |    18 |    20 |    40 |    89 ||   167

Table legend:
 A = Non-vault XP
 B = Vault XP
 C = Vault XP percentage of total XP
 D = Non-vault monster count
 E = Vault monster count
 F = Vault count percentage of total count
                 A         B        C        D         E       F
            +---------+---------+-------+---------+---------+-------
      Total |   14660 |    6460 |  30.6 |     246 |     125 |  33.7
            +---------+---------+-------+---------+---------+-------
        D:1 |      33 |       1 |   2.9 |      17 |       1 |   5.6
        D:2 |      53 |       0 |   0.0 |      23 |       0 |   0.0
        D:3 |     382 |       1 |   0.3 |      43 |       1 |   2.3
        D:4 |     576 |       0 |   0.0 |      38 |       0 |   0.0
        D:5 |     397 |      18 |   4.3 |      13 |       1 |   7.1
        D:6 |     886 |     958 |  52.0 |      12 |       5 |  29.4
        D:7 |    1180 |    1227 |  51.0 |      12 |       7 |  36.8
        D:8 |    1708 |    1041 |  37.9 |      43 |       4 |   8.5
        D:9 |    2556 |     676 |  20.9 |      20 |      17 |  45.9
       D:10 |     160 |       0 |   0.0 |       2 |       0 |   0.0
    Abyss:1 |    6729 |       0 |   0.0 |      23 |       0 |   0.0
    Ossuary |       0 |     260 | 100.0 |       0 |      50 | 100.0
     Bailey |       0 |    2278 | 100.0 |       0 |      39 | 100.0
            +---------+---------+-------+---------+---------+-------
